 Dungeon Crawl Stone Soup version 0.20-a0-899-g09a9bfb (webtiles) character file.

49 4thArraOfDagon the Magician (level 3, -6/29 HPs)
             Began as a Mummy Wanderer on Mar 18, 2017.
             Mangled by a slave (7 damage)
             ... led by Pikel
             ... on level 3 of the Dungeon.
             The game lasted 00:01:43 (487 turns).

4thArraOfDagon the Magician (Mummy Wanderer)         Turns: 487, Time: 00:01:44

Health: -6/29      AC:  9    Str: 15    XL:     3   Next: 51%
Magic:  8/8        EV:  9    Int: 11    God:
Gold:   34         SH:  0    Dex: 12    Spells: 8/10 levels left

rFire    x . .     SeeInvis .   e - +0 rapier
rCold    + . .     Gourm    .   a - +2 scale mail
rNeg     + + +     Faith    .   (no shield)
rPois    ∞         Spirit   .   (no helmet)
rElec    .         Reflect  .   (no cloak)
rCorr    .         Harm     .   i - +0 pair of gloves
MR       .....                  (no boots)
Stlth    ..........             (no amulet)
Regen    0.1/turn               (no ring)
MPRegen  0.2/turn               (no ring)

@: no status effects
A: no food or potions, fire vulnerability, cold resistance 1, negative energy
resistance 3, torment resistance, unbreathing
a: no special abilities


You were on level 3 of the Dungeon.
You were not hungry.

You visited 1 branch of the dungeon, and saw 4 of its levels.

You collected 34 gold pieces.

Inventory:

Hand Weapons
 d - a +0 club
 e - a +0 rapier (weapon)
Armour
 a - a +2 scale mail (worn)
 i - a +0 pair of gloves (worn)
Wands
 c - a wand of random effects (7/48)
Scrolls
 f - a scroll of noise {unknown}
 g - a scroll of remove curse {unknown}
Books
 b - the Disquisition on Envenoming

   Spells                             Type                      Level
   a - Sting                          Conjuration/Poison           1
   b - Mephitic Cloud                 Conjuration/Poison/Air       3
 h - a book of Minor Magic

   Spells                             Type                      Level
   a - Magic Dart                     Conjuration                  1
   b - Blink                          Translocation                2
   c - Call Imp                       Summoning                    2
   d - Slow                           Hexes                        2
   e - Conjure Flame                  Conjuration/Fire             3
   f - Mephitic Cloud                 Conjuration/Poison/Air       3


   Skills:
 + Level 3.5 Fighting
   Level 1.0 Axes
 - Level 1.0 Throwing
 - Level 1.0 Armour
 - Level 4.0 Spellcasting
   Level 1.0 Summonings
   Level 1.0 Ice Magic
 - Level 1.0 Evocations


You had 8 spell levels left.
You knew the following spells:

 Your Spells              Type           Power        Failure   Level  Hunger
a - Blink                 Tloc           N/A          97%         2    N/A

Dungeon Overview and Level Annotations

Branches:
Dungeon (4/15)
 Temple: D:4-7

Altars:
Elyvilon
Gozag
Uskayaw

Annotations:
D:4 Pikel


Innate Abilities, Weirdness & Mutations

You do not eat or drink.
Your flesh is vulnerable to fire.
You are immune to poison.
Your flesh is cold resistant. (rC+)
You are immune to negative energy. (rN+++)
You are immune to unholy pain and torment.
You can survive without breathing.


Message History

The slave closely misses you.
You hit the slave.
The slave is lightly wounded.
The slave hits you.
* * * LOW HITPOINT WARNING * * *
You closely miss the slave.
The slave is lightly wounded.
The slave hits you.
* * * LOW HITPOINT WARNING * * *
You hit the slave.
The slave is moderately wounded.
Unknown command.
Evoke which item? (* to show all) (? for menu, Esc to quit)
Aiming: Random Effects
Press: ? - help, Shift-Dir - straight line, f/p - slave
Aim: a slave, wearing an animal skin (moderately wounded, slow)
The slave flickers and vanishes!
Deactivating autopickup; reactivate with Ctrl-A.
This wand has 7 charges left.
Something hits you!
You die...

#..###.### ######
#.##.....## #.#.8...8.#
#.#.......###
#....._.....#####
###.......#.....#
#.8...8.#.....#
###.....##.....#
#@###.###......# ......
#{##...........# .....
#.##.+.........# ....
#.##.#.........# ..#
#.##.#.........#
####.####.##.###########
#....#....##.#
#..†...#..##.#
#......#..##.# ..


There were no monsters in sight!

Vanquished Creatures
  A slave (D:3)
  4 adders
  A dart slug (D:2)
  An orc (D:3)
  A bat (D:1)
  A hobgoblin (D:3)
  3 kobolds (D:2)
  2 rats
14 creatures vanquished.

Notes
Turn   | Place    | Note
-------+----------+-------------------------------------------
     0 | D:1      | 4thArraOfDagon the Mummy Wanderer began the quest for the Orb.
     0 | D:1      | 4thArraOfDagon set off with: a +2 scale mail, the Disquisition on Envenoming, a wand of random effects (15/48), a +0 club
     0 | D:1      | Reached XP level 1. HP: 15/15 MP: 5/5
    57 | D:2      | Reached XP level 2. HP: 20/22 MP: 7/7
    87 | D:2      | Found a hide-covered altar of Uskayaw.
   104 | D:2      | Identified the Disquisition on Envenoming
   110 | D:2      | Learned a level 2 spell: Blink
   252 | D:3      | Found a white marble altar of Elyvilon.
   264 | D:4      | Noticed a slave
   264 | D:4      | Noticed a slave
   264 | D:4      | Noticed a slave
   266 | D:4      | Noticed Pikel
   306 | D:3      | Found an opulent altar of Gozag.
   353 | D:3      | Reached XP level 3. HP: 19/29 MP: 8/8
   445 | D:4      | Noticed a slave
   478 | D:3      | Killed a slave
   485 | D:3      | HP: 1/29 [slave[Pikel] (4)]
   487 | D:3      | Mangled by a slave

Vault maps used:
D:1:      onia_arrival_mini_maze
D:2:      overflow_temple_1_default, nemelex_altar_shiori, serial_corexii_hall,
          corexii_hall_statues_u, corexii_hall_statues_l, corexii_hall_statues_x
D:3:      overflow_temple_1_default, grunt_gozag_statues
D:4:      grunt_dithmenos_smoke, first_bread, uniq_pikel, uniq_grinder

Skill      XL: |  1  2 |
---------------+-------+-----
Fighting       | 2 3 |  3.5
Axes           | |  1.0
Throwing       | |  1.0
Armour         | |  1.0
Spellcasting   | |  4.0
Summonings     | |  1.0
Ice Magic      | |  1.0
Evocations     | |  1.0

Action                   || total
-------------------------++-------
Melee: Rapier            ||    81
       Club              ||     4
Evoke: Wand              ||     8
 Stab: Paralysed         ||     7
Armor: Scale mail        ||    43
Dodge: Dodged            ||    38
